 Dungeon Crawl Stone Soup version 0.25.1-2-g60ff931df9 (webtiles) character file.

Game seed: 13681919234645989586

74429 Chimkentus the Covert (level 15, -14/96 HPs)
             Began as an Octopode Assassin on Aug 28, 2020.
             Was a High Priest of Wu Jian.
             Demolished by a nagaraja (15 damage)
             ... on level 2 of the Snake Pit on Aug 29, 2020.
             The game lasted 03:04:45 (28515 turns).

Chimkentus the Covert (Octopode Assassin)          Turns: 28515, Time: 03:04:46

Health: -14/96     AC:  1    Str: 23    XL:     15   Next: 46%
Magic:  17/17      EV: 19    Int: 14    God:    Wu Jian [*****.]
Gold:   838        SH:  0    Dex: 19    Spells: 12/15 levels left

rFire    + . .     SeeInvis .   e - +8 demon trident "Rift" {distort, reach+}
rCold    . . .     Gourm    .   S - +2 kite shield
rNeg     . . .     Faith    .   (helmet restricted)
rPois    +         Spirit   .   j - amulet of reflection
rElec    +         Reflect  +   n - ring of resist corrosion
rCorr    +         Harm     .   K - ring of protection from fire
MR       +....                  E - +6 ring of strength
Stlth    +++.......             q - +6 ring of strength
HPRegen  0.26/turn              b - ring of poison resistance
MPRegen  0.15/turn              (no ring)
                                (no ring)
                                (no ring)

@: confused, lethally poisoned (-14 -> -16), about to teleport, constricted,
serpent's lash
A: almost no armour, stealthy swim, amphibious, 8 rings, constrict 8, camouflage
1, frail 1, electricity resistance, gelatinous body 1
a: Wall Jump, Serpent's Lash, Heavenly Storm, Renounce Religion


You were on level 2 of the Snake Pit.
You worshipped Wu Jian.
Wu Jian was extremely pleased with you.
You were hungry.

You visited 5 branches of the dungeon, and saw 24 of its levels.
You also visited: Bailey and Ice Cave.

You collected 2740 gold pieces.
You spent 1902 gold pieces at shops.

Inventory:

Hand Weapons
 a - a +2 dagger
 e - the +8 demon trident "Rift" (weapon) {distort, reach+}
   (You found it on level 1 of the Orcish Mines)

   It warps and distorts space around it.
   Unwielding it can cause banishment or high damage.
Missiles
 f - a curare-tipped dart (quivered)
 Q - 3 atropa-tipped darts
Armour
 S - a +2 kite shield (worn)
Jewellery
 b - a ring of poison resistance (on tentacle)
 j - an amulet of reflection (around mantle)
 n - a ring of resist corrosion (left tentacle)
 q - a +6 ring of strength (on tentacle)
 E - a +6 ring of strength (on tentacle)
 K - a ring of protection from fire (right tentacle)
 N - an uncursed ring of fire
 W - an uncursed ring of fire
Wands
 r - a wand of clouds (5)
 t - a wand of disintegration (24)
 A - a wand of acid (6)
 H - a wand of digging (6)
 I - a wand of random effects (31)
 L - a wand of paralysis (12)
 P - a wand of flame (30)
 T - a wand of iceblast (11)
Scrolls
 g - 6 scrolls of teleportation
 i - a scroll of amnesia
 m - 3 scrolls of immolation
 s - 7 scrolls of remove curse
 w - a scroll of brand weapon {unknown}
 x - a scroll of fear {unknown}
 y - 3 scrolls of blinking
 B - 2 scrolls of fog
 D - a scroll of identify
 G - a scroll of holy word {unknown}
 U - a scroll of magic mapping
Potions
 h - a potion of stabbing
 p - 4 potions of curing
 u - a potion of magic
 v - a potion of cancellation
 z - 3 potions of mutation
 C - 2 potions of heal wounds
 F - 3 potions of berserk rage
 M - a potion of brilliance
 O - a potion of might
Miscellaneous
 c - a box of beasts
 J - a phial of floods
 V - a phantom mirror
Comestibles
 d - 41 rations


   Skills:
 * Level 11.4 Fighting
 + Level 8.5 Short Blades
 + Level 10.2 Polearms
   Level 4.1(7.5) Slings
 + Level 9.8(10.2) Throwing
 * Level 11.4 Dodging
 + Level 11.7 Stealth
 * Level 10.6 Shields
 + Level 0.6 Spellcasting
 * Level 6.1 Hexes
 + Level 2.8 Evocations


You had 12 spell levels left.
You knew the following spells:

 Your Spells              Type           Power        Failure   Level  Hunger
a - Corona                Hex            ###....      3%          1    ##.....
b - Slow                  Hex            ###.....     6%          2    ###....

Your spell library contained the following spells:

 Spells                   Type           Power        Failure   Level  Hunger
 Cause Fear               Hex            ###.......   36%         4    #####..
 Inner Flame              Hex/Fire       #.......     38%         3    ####...
 Portal Projectile        Hex/Tloc       #.....       38%         3    ####...
 Animate Skeleton         Necr           N/A          43%         1    ##.....
 Pain                     Necr           #...         43%         1    ##.....
 Corpse Rot               Necr/Air       N/A          58%         2    ###....
 Sublimation of Blood     Necr           #.........   58%         2    ###....
 Leda's Liquefaction      Hex/Erth       #.........   80%         4    #####..
 Vampiric Draining        Necr           #.........   82%         3    ####...
 Animate Dead             Necr           N/A          99%         4    #####..
 Dispel Undead            Necr           #.......     99%         4    #####..
 Agony                    Necr           #.......     100%        5    ######.
 Excruciating Wounds      Chrm/Necr      #.........   100%        5    ######.


Dungeon Overview and Level Annotations

Branches:
Dungeon (13/15)            Temple (1/1) D:6            Lair (6/6) D:9
  Swamp (0/4) Lair:4        Snake (2/4) Lair:2        Slime (0/5) Lair:5
    Orc (2/2) D:11            Elf (0/3) Orc:2        Bailey (visited)
  IceCv (visited)
 Vaults: D:13-14

Altars:
Ashenzari
Cheibriados
Dithmenos
Elyvilon
Fedhas
Gozag
Hepliaklqana
Kikubaaqudgha
Makhleb
Nemelex Xobeh
Okawaru
Qazlal
Ru
Sif Muna
Trog
Uskayaw
Vehumet
Wu Jian
Xom
Yredelemnul
Zin
The Shining One
Beogh

Shops:
D:11 ([   D:12 (   Orc:2 ((%=

Portals:
Abyss: Lair:5
Trove: D:10 (give 14 scrolls of teleportation)

Annotations:
D:2 exclusion: oklob plant
D:10 1 exclusion
Lair:5 2 transporters, Qeimiotua's ghost, journeyman MiFi
Snake:1 1 transporter, exclusion: 2 black mambas, Aizul
Abyss:1 Jorgrun, Josephine


Innate Abilities, Weirdness & Mutations

You cannot wear most types of armour.
You are very stealthy in the water. (Stealth+)
You are amphibious.
You can wear up to eight rings at the same time.
You can use your tentacles to constrict eight enemies at once.
Your skin changes colour to match your surroundings (Stealth+).
Your rubbery body absorbs attacks. (AC +1, EV +1)
You are frail. (-10% HP)
You are resistant to electric shocks. (rElec)


Message History

You are poisoned.
You resist. You block the salamander's attack. The naga spits poison at you.
The splash of poison misses you.
The splash of poison misses the nagaraja.
The naga constricts you. You block the naga's attack.
The naga warrior hits you with a +0 scimitar!
* * * LOW HITPOINT WARNING * * *
The naga warrior barely misses you. The naga hits you with a +0 trident!
* * * LOW HITPOINT WARNING * * *
You are confused.
You feel invigorated.
You feel sick. The naga hits you with a +0 glaive!
* * * LOW HITPOINT WARNING * * *
A naga mage comes into view.
The salamander hits you.
* * * LOW HITPOINT WARNING * * *
You are engulfed in flames.
You resist.
* * * LOW HITPOINT WARNING * * *
The nagaraja hits you!
You die...

##....... ..
##......# ....#
##.......#
.....##........#
.....#.........#
................#
................#
........NNN.....#
.......SN@N.....#
.....#..NNN.....#
................#
............(..##
...N.........##
.....#####...#
N.... #....# ...N
#....# N..N
#....#


You could see 2 naga warriors, a nagaraja (catching breath), a salamander, a
guardian serpent, 2 naga magi and 4 nagas.

Vanquished Creatures
  2 ogre magi (Orc:2)
  4 hydras
  A naga warrior (Snake:1)
  8 two-headed ogres
  2 centaur warriors
  4 death yaks
  A shock serpent (Snake:2)
  Sonja (Orc:2)
  2 deep trolls (Orc:2)
  A lindwurm (Lair:5)
  An orc knight (Bailey)
  3 ugly things
  4 salamanders (Snake:1)
  2 cyclopes (Orc:2)
  A mana viper (Snake:1)
  7 elephants
  A manticore (D:13)
  Maurice (D:13)
  7 black mambas
  3 naga magi (Snake:1)
  10 spiny frogs
  2 rime drakes
  6 komodo dragons
  A queen bee (Lair:2)
  A polar bear (Lair:6)
  8 trolls
  A hornet (D:11)
  9 blink frogs
  9 dream sheep
  4 slime creatures
  8 hippogriffs
  2 wraiths (Orc:2)
  A basilisk (Lair:5)
  4 hogs (D:7)
  22 yaks
  A wyvern (Lair:4)
  A human (D:7)
  2 hungry ghosts (D:11)
  3 vampire mosquitoes (D:13)
  8 nagas (Snake:1)
  10 porcupines
  4 water moccasins
  27 orc warriors
  3 black bears
  9 ice beasts
  A necrophage (D:8)
  An eye of draining (D:11)
  26 ogres
  2 phantoms
  24 wolves
  6 centaurs
  11 crocodiles
  2 big kobolds
  17 bullfrogs
  A wyvern skeleton (D:8)
  A water moccasin skeleton (D:6)
  42 killer bees
  2 scorpions
  3 wights (D:9)
  A howler monkey (D:4)
  4 electric eels (Lair:3)
  9 crimson imps
  3 jellies
  A quasit (D:8)
  A centaur zombie (D:10)
  Crazy Yiuf (D:3)
  4 hounds
  A bullfrog skeleton (D:5)
  5 orc priests
  12 orc wizards
  2 centaur skeletons
  4 iguanas
  Jessica (D:3)
  7 worker ants
  A killer bee zombie (D:9)
  A hound skeleton (D:9)
  12 adders
  3 gnolls (D:6)
  5 shadow imps
  An ooze (D:3)
  7 worms
  4 leopard geckos
  36 orcs
  4 bats
  12 giant cockroaches
  8 goblins
  7 hobgoblins
  16 jackals
  24 kobolds
  5 quokkas
  A ball python (D:2)
  9 frilled lizards
  A giant cockroach zombie (D:5)
  A leopard gecko skeleton (D:3)
  A quokka zombie (D:5)
  5 rats
  5 fungi
  6 plants
582 creatures vanquished.

Vanquished Creatures (others)
  A dire elephant (Lair:6)
  A hydra (Lair:4)
  3 two-headed ogres
  2 death yaks
  A deep troll shaman (Lair:6)
  3 orc knights
  An orc sorcerer (Orc:2)
  A manticore (D:12)
  3 elephants (Lair:6)
  A centaur zombie (D:12)
  3 spiny frogs
  A centaur skeleton (D:13)
  A komodo dragon (Lair:5)
  2 trolls
  A slime creature (D:12)
  A blink frog (Lair:1)
  A hippogriff (Lair:1)
  A wraith (Orc:2)
  7 yaks
  A basilisk (Lair:2)
  A vampire mosquito (D:13)
  2 nagas (Snake:1)
  2 water moccasins
  A porcupine (Lair:2)
  An orc warrior (Bailey)
  An ogre (Orc:1)
  3 wolves
  3 crocodiles
  2 jellies (Lair:5)
  An orc (Bailey)
  14 fungi
  22 plants
89 creatures vanquished.

Grand Total: 671 creatures vanquished

Notes
Turn   | Place    | Note
-------+----------+-------------------------------------------
     0 | D:1      | Chimkentus the Octopode Assassin began the quest for the
                  | Orb.
     0 | D:1      | Reached XP level 1. HP: 14/14 MP: 1/1
    77 | D:1      | Reached XP level 2. HP: 18/19 MP: 2/2
   738 | D:1      | Reached XP level 3. HP: 25/25 MP: 3/3
  1263 | D:2      | Reached XP level 4. HP: 30/30 MP: 4/4
  1295 | D:2      | Found a faded altar of an unknown god.
  1596 | D:2      | Found a blossoming altar of Fedhas.
  1802 | D:2      | Noticed an oklob plant
  2312 | D:3      | Noticed a big kobold
  2415 | D:3      | Reached skill level 1 in Shields
  2415 | D:3      | Reached XP level 5. HP: 36/36 MP: 5/5
  2757 | D:3      | Killed a big kobold
  3157 | D:3      | Noticed Jessica
  3159 | D:3      | Killed Jessica
  3159 | D:3      | Reached XP level 6. HP: 42/42 MP: 6/6
  3269 | D:3      | Found a runed translucent door.
  3270 | D:3      | Noticed Crazy Yiuf
  3277 | D:3      | Killed Crazy Yiuf
  3489 | D:4      | Found an iron altar of Okawaru.
  3490 | D:4      | Found a stormy altar of Qazlal.
  3491 | D:4      | Found a snail-covered altar of Cheibriados.
  3951 | D:4      | Found a glowing golden altar of the Shining One.
  4011 | D:4      | Found an opulent altar of Gozag.
  4343 | D:5      | Entered Level 5 of the Dungeon
  4468 | D:5      | Reached XP level 7. HP: 41/47 MP: 7/7
  4836 | D:5      | Reached skill level 1 in Slings
  5395 | D:5      | Reached XP level 8. HP: 54/54 MP: 8/8
  5983 | D:7      | Found a hide-covered altar of Uskayaw.
  6121 | D:7      | Reached skill level 5 in Short Blades
  6141 | D:7      | Reached skill level 5 in Fighting
  6449 | D:7      | Found a glowing silver altar of Zin.
  6450 | D:7      | Noticed an angel
  6683 | D:6      | Found a staircase to the Ecumenical Temple.
  6713 | Temple   | Entered the Ecumenical Temple
  6901 | Temple   | Became a worshipper of the Wu Jian Council
  7133 | D:6      | Reached XP level 9. HP: 60/61 MP: 7/9
  8129 | D:7      | Reached skill level 5 in Dodging
  8129 | D:7      | Reached skill level 1 in Evocations
  8137 | D:7      | Reached * piety under Wu Jian
  8749 | D:8      | Noticed a komodo dragon
  8781 | D:8      | Killed a komodo dragon
  8781 | D:8      | Reached skill level 5 in Throwing
  8781 | D:8      | Reached XP level 10. HP: 59/68 MP: 9/11
  8857 | D:8      | Reached skill level 5 in Shields
  8931 | D:8      | Found a burning altar of Makhleb.
  8966 | D:8      | Noticed a two-headed ogre
  9053 | D:8      | Found a burning altar of Makhleb.
  9053 | D:8      | Noticed a cacodemon
  9309 | D:8      | Killed a two-headed ogre
  9529 | D:9      | Found a staircase to the Lair.
 10565 | D:10     | Entered Level 10 of the Dungeon
 10730 | D:11     | Reached ** piety under Wu Jian
 10816 | D:11     | Found a frozen archway.
 10888 | D:11     | Noticed a cyan ugly thing
 10911 | D:11     | Killed a cyan ugly thing
 10911 | D:11     | Reached XP level 11. HP: 75/75 MP: 12/12
 11002 | IceCv    | Entered an ice cave
 11010 | IceCv    | Gained mutation: You are frail. (-10% HP) [potion of
                  | mutation]
 11010 | IceCv    | Gained mutation: You evolve. [potion of mutation]
 11010 | IceCv    | Gained mutation: You are resistant to electric shocks.
                  | (rElec) [potion of mutation]
 11090 | D:11     | Noticed an orc knight
 11457 | D:10     | Noticed a two-headed ogre
 11495 | D:10     | Found a portal to a secret trove of treasure.
 11544 | D:10     | Noticed a two-headed ogre
 12193 | D:10     | Killed a two-headed ogre
 12382 | D:10     | Killed a two-headed ogre
 12794 | D:11     | Found Iseodux's Armour Shop.
 12796 | D:11     | Found a staircase to the Orcish Mines.
 12799 | D:11     | Found Yrocs's Weapon Shop.
 12825 | D:11     | Bought the +1 short sword "Bojassol" {drain, Str+3} for 331
                  | gold pieces
 12830 | D:11     | Bought a +0 kite shield for 67 gold pieces
 12973 | D:11     | Noticed a purple ugly thing
 13088 | D:11     | Killed a purple ugly thing
 13432 | Orc:1    | Entered Level 1 of the Orcish Mines
 13444 | Orc:1    | Reached *** piety under Wu Jian
 13472 | Orc:1    | Found a flagged portal.
 13473 | Orc:1    | Found the +8 demon trident "Rift" {distort, reach+}
 13491 | Bailey   | Entered a bailey
 13512 | Bailey   | Noticed an orc knight
 13528 | Bailey   | Banished an orc knight
 13529 | Bailey   | HP: 4/103 [orc warrior (6)]
 13535 | Bailey   | HP: 2/103 [orc warrior/bolt (1)]
 13908 | Bailey   | Noticed an orc knight
 14120 | Bailey   | Killed an orc knight
 14120 | Bailey   | Reached skill level 1 in Polearms
 14135 | Bailey   | Lost mutation: You evolve. [evolution]
 14711 | Orc:1    | Noticed an orc high priest
 15049 | Orc:1    | Found a roughly hewn altar of Beogh.
 15059 | Orc:1    | Banished an orc high priest
 15059 | Orc:1    | Reached XP level 12. HP: 75/75 MP: 14/14
 15186 | Orc:2    | Entered Level 2 of the Orcish Mines
 15589 | Orc:2    | Found a staircase to the Elven Halls.
 15596 | Orc:2    | Found Lamam's Food Boutique.
 15677 | Orc:2    | Noticed Sonja
 15695 | Orc:2    | Noticed a two-headed ogre
 15698 | Orc:2    | Killed Sonja
 16585 | Orc:1    | Banished a two-headed ogre
 16862 | Orc:2    | Noticed a two-headed ogre
 16890 | Orc:2    | Noticed a two-headed ogre
 16927 | Orc:2    | Noticed a two-headed ogre
 16960 | Orc:2    | Killed a two-headed ogre
 17050 | Orc:2    | Killed a two-headed ogre
 17050 | Orc:2    | Reached skill level 5 in Polearms
 17072 | Orc:2    | Noticed a two-headed ogre
 17085 | Orc:1    | Banished a two-headed ogre
 17200 | Orc:1    | Killed a two-headed ogre
 17295 | Orc:2    | Noticed a two-headed ogre
 17297 | Orc:2    | Noticed a two-headed ogre
 17318 | Orc:2    | Banished a two-headed ogre
 17324 | Orc:2    | Killed a two-headed ogre
 17399 | Orc:2    | Reached XP level 13. HP: 81/81 MP: 15/15
 17443 | Orc:2    | Noticed an ogre mage
 17461 | Orc:2    | Noticed Josephine
 17616 | Orc:2    | Banished Josephine
 17643 | Orc:2    | Killed an ogre mage
 17723 | Orc:2    | Noticed an ogre mage
 17730 | Orc:2    | Killed an ogre mage
 17859 | Orc:2    | Found Hoapon's Antique Weapon Boutique.
 17861 | Orc:2    | Found Xeuciquts's Jewellery Shoppe.
 17874 | Orc:2    | Found Naocw's Antique Weapon Shop.
 17935 | Orc:2    | Bought an uncursed amulet of reflection for 510 gold pieces
 17935 | Orc:2    | Bought a +6 ring of strength for 994 gold pieces
 18223 | D:12     | Reached skill level 10 in Fighting
 18343 | D:12     | Learned a level 1 spell: Corona
 18346 | D:12     | Learned a level 2 spell: Slow
 18454 | D:12     | Reached **** piety under Wu Jian
 18961 | D:12     | Found Boforiq's Weapon Shop.
 19101 | D:13     | Reached skill level 10 in Stealth
 19101 | D:13     | Reached skill level 1 in Hexes
 19113 | D:13     | Reached skill level 10 in Dodging
 19170 | D:13     | Noticed Maurice
 19180 | D:13     | Killed Maurice
 19367 | D:13     | Noticed Jorgrun
 19865 | D:13     | Banished Jorgrun
 19977 | Lair:1   | Entered Level 1 of the Lair of Beasts
 20642 | Lair:1   | Reached XP level 14. HP: 89/89 MP: 16/16
 21032 | Lair:2   | Found a staircase to the Snake Pit.
 21544 | Lair:2   | Reached ***** piety under Wu Jian
 23495 | Lair:4   | Found a staircase to the Swamp.
 24281 | Lair:4   | Reached skill level 10 in Shields
 24825 | Lair:5   | Found a transporter.
 24837 | Lair:5   | Found a one-way gate to the infinite horrors of the Abyss.
 24837 | Lair:5   | Noticed Qeimiotua's ghost (journeyman MiFi)
 24922 | Lair:5   | Identified the +1 trident "Octopus's Curse" {distort, rF-
                  | Str+5 Int-3 Dex+5}
 24949 | Lair:5   | Reached skill level 5 in Hexes
 24975 | Lair:5   | Found a transporter.
 25043 | Lair:5   | Found a staircase to the Slime Pits.
 25504 | Lair:6   | Entered Level 6 of the Lair of Beasts
 25802 | Lair:6   | Reached XP level 15. HP: 95/95 MP: 17/17
 26549 | Lair:6   | Got a distressingly furry tower shield
 26559 | Lair:6   | Identified the cursed -2 tower shield of Too Many Cooks
                  | {rPois rC+} (You found it on level 6 of the Lair of Beasts)
 27200 | Snake:1  | Entered Level 1 of the Snake Pit
 27223 | Snake:1  | Reached skill level 10 in Polearms
 27334 | Snake:1  | Noticed a nagaraja
 27345 | Snake:1  | Noticed a nagaraja
 27352 | Snake:1  | Noticed Aizul
 27410 | Snake:1  | Noticed a nagaraja
 27415 | Snake:1  | Found a transporter.
 27416 | Snake:1  | Found a radiant altar of Vehumet.
 27422 | Snake:1  | Noticed a nagaraja
 27539 | Snake:1  | Noticed a nagaraja
 27560 | Snake:1  | Reached ****** piety under Wu Jian
 28509 | Snake:2  | Noticed a nagaraja
 28515 | Snake:2  | HP: 1/96 [salamander (4)]
 28515 | Snake:2  | Demolished by a nagaraja

Illustrated notes

Levels and vault maps discovered:
D:1:      saegor_arrival_simple_c, layout_loops_ring, minmay_worlds_worst_comb
D:2:      layout_loops_cross, tgw_fedhas, chequers_ecumenical_altar_simple,
          kennysheep_generic_room_14
D:3:      cheibrodos_thug_alley, layout_loops_corners, uniq_crazy_yiuf_cottage,
          uniq_jessica
D:4:      layout_cave_pods, nicolae_overflow_crystal_walls,
          chequers_temple_overflow_statue_of_worship, lemuel_doored_altar
D:5:      layout_basic, first_ration
D:6:      layout_basic, minmay_temple_entry_arrows, eino_tiny_chamber
D:7:      layout_rooms, zin_angel, lemuel_crystal_altar, grunt_livestock
D:8:      layout_cave_pods, overflow_temple_1_default, serial_column_ruins,
          column_ruins_hut, column_ruins_grid_3, column_ruins_grid_1,
          column_ruins_corridor_dead_end, column_ruins_open_tiny,
          makhleb_altar_promises_db
D:9:      layout_basic, lair_entry_dummy
D:10:     layout_irregular_city, nicolae_trove_entry_crossroad, worms_lemuel
D:11:     layout_long_grid, orc_david_3, portal_ice_cave_entry_ice_beasts
D:12:     layout_stronghold, serial_shops, shop
D:13:     layout_roguey, uniq_maurice, uniq_jorgrun
Temple:   nicolae_temple_figure_eight
Lair:1:   layout_roguey, beast_lair_carwin_2
Lair:2:   layout_concentric_octagons, dummy_snake_entry, special_room
          [special_room_bee], grunt_megastairs_2
Lair:3:   layout_chaotic_city, serial_bayou, serial_bayou_ford_a,
          serial_bayou_shore_b, serial_bayou_shore_b, serial_bayou_lagoon_a,
          serial_bayou_pond_c, serial_bayou_shore_a, beast_lair_carwin_6
Lair:4:   layout_regular_city, swamp_mist, minmay_hedge_maze
Lair:5:   layout_roguey, minmay_slime_entry_pillars,
          gammafunk_ghost_abyssal_escape
Lair:6:   grunt_lair_end_beastmaster, layout_regular_city
Snake:1:  gammafunk_sealed_library, layout_misc_corridors,
          serial_bayou_crossing, uniq_aizul
Snake:2:  layout_gridlike
Orc:1:    layout_caves, enter_bailey_2, bh_open_orc_temple
Orc:2:    st_orc_open, layout_diamond_mine, uniq_josephine, uniq_sonja

Skill      XL: |  1  2  3  4  5  6  7  8  9 10 11 12 13 14 15 |
---------------+----------------------------------------------+-----
Dodging        | 2 3 4 5 7 8 9 10 11 | 11.4
Fighting       | 3 4 5 6 7 8 9 10 11 | 11.4
Shields        | 1 2 3 4 6 7 8 9 10 | 10.6
Short Blades   | 3 4 5 6 7 8 |  8.5
Throwing       | 3 4 5 6 7 8 9 |  9.8
Slings         | 2 3 4 |  4.1
Stealth        | 6 8 9 10 11 | 11.7
Evocations     | 1 2 |  2.8
Polearms       | 2 6 8 9 10 | 10.2
Hexes          | 3 5 6 |  6.1
Spellcasting   | |  0.6

Action                   |  1- 3 |  4- 6 |  7- 9 | 10-12 | 13-15 || total
-------------------------+-------+-------+-------+-------+-------++-------
Melee: Dagger            |    11 |       |       |       |       ||    11
       Short sword       |    44 |   229 |   173 |   312 |       ||   758
       Constrict         |    12 |    31 |    32 |    48 |    52 ||   175
       Tentacles         |     6 |    60 |    35 |    62 |    90 ||   253
       Demon trident     |       |       |       |   194 |   689 ||   883
 Fire: Hunting sling     |       |    24 |    35 |       |       ||    59
Throw: Dart              |    24 |    27 |    33 |     9 |     8 ||   101
       Stone             |       |     2 |       |       |       ||     2
       Throwing net      |       |       |     4 |       |       ||     4
       Boomerang         |       |       |       |   134 |   229 ||   363
Invok: Lunge             |       |       |     9 |    28 |     2 ||    39
       Whirlwind         |       |       |     4 |    49 |    24 ||    77
       Serpent's Lash    |       |       |       |     5 |     4 ||     9
 Abil: Wall Jump         |       |       |       |    32 |    15 ||    47
Evoke: Wand              |       |       |    10 |    19 |     4 ||    33
  Use: Scroll            |       |     4 |     5 |    14 |     6 ||    29
       Potion            |       |       |       |    27 |     3 ||    30
 Stab: Sleeping          |    18 |    15 |    11 |    15 |    58 ||   117
       Paralysed         |       |       |     4 |       |       ||     4
       Distracted        |       |       |     1 |     3 |     4 ||     8
       Confused          |       |       |       |     3 |       ||     3
       Invisible         |       |       |       |     2 |       ||     2
  Eat: Chunk             |     1 |    10 |    14 |    25 |    31 ||    81
       Ration            |       |       |       |     1 |     1 ||     2
Armor: Skin              |     1 |     5 |     2 |    34 |     3 ||    45
Dodge: Dodged            |    15 |    27 |    95 |   214 |   122 ||   473
Block: Buckler           |       |     9 |    30 |    49 |       ||    88
       Kite shield       |       |       |       |    94 |   247 ||   341
       Reflection        |       |       |       |       |    20 ||    20
